| TOP OF THE 1ST |
|
Seattle (APP) Mariners batting - Pitching for Elizabethton Twins : RHP Bud Puffer
|
|
Pitching: RHP Bud Puffer
|
|
|
Batting: SHB Tony Morales
|
0-0: SINGLE (Groundball, 34D, EV 96.2 MPH)
|
|
Batting: RHB Mike Conaway
|
0-0: Ball 1-0: Foul Ball, location: 2F 1-1: Ball Tony Morales is caught stealing 2nd base 2-4 2-1: SINGLE (Groundball, 34D, EV 94.4 MPH)
|
|
Batting: LHB Omar Colunga
|
0-0: Called Strike 0-1: Ball 1-1: Foul Ball, location: 2F 1-2: Foul Ball, location: 2F 1-2: Ball 2-2: Foul Ball, location: 2F 2-2: DOUBLE (Line Drive, 78D, EV 111.2 MPH) Mike Conaway to third
|
|
Batting: RHB Chris Olheiser
|
0-0: Called Strike 0-1: Swinging Strike 0-2: SINGLE (Groundball, 6MD, EV 101.2 MPH) Mike Conaway scores Omar Colunga to third
|
|
Batting: RHB Ivan Davila
|
0-0: Called Strike 0-1: Ball 1-1: Ball 2-1: Foul Ball, location: 2F 2-2: Foul Ball, location: 2F 2-2: DOUBLE (Line Drive, 7LM, EV 105.0 MPH) Omar Colunga scores Chris Olheiser to third
|
|
Pitching: RHP Andrew Rich
|
|
|
Batting: RHB Tomokazu Sugimoto
|
0-0: Called Strike 0-1: Ball 1-1: Called Strike 1-2: SINGLE (Groundball, 56S, EV 71.9 MPH) (infield hit) Chris Olheiser scores Ivan Davila to third
|
|
Batting: LHB Chang Huie
|
0-0: Ball 1-0: Grounds out, U3 (Groundball, 3L, EV 102.5 MPH) Ivan Davila scores
|
|
Batting: RHB Chris Van Niel
|
0-0: Called Strike 0-1: Ball 1-1: Called Strike 1-2: Strikes out looking
|
| Top of the 1st over - 4 runs, 6 hits, 0 errors, 1 left on base; Seattle (APP) 4 - Elizabethton 0 |
| BOTTOM OF THE 1ST |
|
Elizabethton Twins batting - Pitching for Seattle (APP) Mariners : RHP Josh Newell
|
|
Pitching: RHP Josh Newell
|
|
|
Batting: RHB Andrew Nicol
|
0-0: Swinging Strike 0-1: Ball 1-1: Ball 2-1: Foul Ball, location: 2F 2-2: Foul Ball, location: 2F 2-2: Strikes out swinging
|
|
Batting: LHB David Campbell
|
0-0: Ball 1-0: Ball 2-0: Called Strike 2-1: Ball 3-1: Base on Balls
|
|
Batting: SHB Dan Morataya
|
0-0: Called Strike 0-1: Foul Ball, location: 2F 0-2: Foul Ball, location: 2F 0-2: Ball 1-2: Foul Ball, location: 2F 1-2: Ball 2-2: Foul Ball, location: 2F 2-2: Fly out, F5 (Popup, 5F, EV 67.5 MPH)
|
|
Batting: RHB Nick Phipps
|
0-0: Ball 1-0: Foul Ball, location: 2F 1-1: Fly out, F8 (Flyball, 8LXD, EV 107.5 MPH)
|
| Bottom of the 1st over - 0 runs, 0 hits, 0 errors, 1 left on base; Seattle (APP) 4 - Elizabethton 0 |
| TOP OF THE 2ND |
|
Seattle (APP) Mariners batting - Pitching for Elizabethton Twins : RHP Andrew Rich
|
|
Batting: RHB Omar Solis
|
0-0: Ball 1-0: Called Strike 1-1: Fly out, F8 (Flyball, 8LM, EV 92.5 MPH)
|
|
Batting: SHB Tony Morales
|
0-0: Ball 1-0: Foul Ball, location: 2F 1-1: Ball 2-1: Ball 3-1: Base on Balls
|
|
Pitching: RHP Jon Hice
|
|
|
Batting: RHB Mike Conaway
|
0-0: Ball 1-0: Called Strike Tony Morales steals 2nd base (no throw) 1-1: Foul Ball, location: 2F 1-2: Ball 2-2: Foul Ball, location: 2F 2-2: SINGLE (Groundball, 25, EV 62.5 MPH) (infield hit) Tony Morales to third
|
|
Batting: LHB Omar Colunga
|
0-0: Called Strike Mike Conaway steals 2nd base 0-1: Foul Ball, location: 2F 0-2: Ball 1-2: Ball 2-2: Ground out 5-3 (Groundball, 6, EV 81.9 MPH) Tony Morales scores Mike Conaway to third
|
|
Batting: RHB Chris Olheiser
|
0-0: Ball 1-0: Ball 2-0: Called Strike 2-1: Ball 3-1: Base on Balls
|
|
Batting: RHB Ivan Davila
|
0-0: DOUBLE (Flyball, 89XD, EV 110.6 MPH) Mike Conaway scores Chris Olheiser to third
|
|
Batting: RHB Tomokazu Sugimoto
|
0-0: Ball 1-0: Ball Wild Pitch! Chris Olheiser scores Ivan Davila to third 2-0: Ball 3-0: Called Strike 3-1: Swinging Strike 3-2: Foul Ball, location: 2F 3-2: Base on Balls
|
|
Batting: LHB Chang Huie
|
0-0: Ball 1-0: Swinging Strike 1-1: Ball 2-1: Ball 3-1: Base on Balls Tomokazu Sugimoto to second
|
|
Batting: RHB Chris Van Niel
|
0-0: Swinging Strike 0-1: SINGLE (Groundball, 4D, EV 107.5 MPH) Ivan Davila scores Tomokazu Sugimoto to third Chang Huie to second Runner from 3rd tries for Home, SAFE, throw by CF to home
|
|
Batting: RHB Omar Solis
|
0-0: Called Strike 0-1: Ball 1-1: Foul Ball, location: 2F 1-2: Ground out 5-3 (Groundball, 56S, EV 93.1 MPH)
|
| Top of the 2nd over - 5 runs, 3 hits, 0 errors, 2 left on base; Seattle (APP) 9 - Elizabethton 0 |
| BOTTOM OF THE 2ND |
|
Elizabethton Twins batting - Pitching for Seattle (APP) Mariners : RHP Josh Newell
|
|
Batting: RHB Jose Gracia
|
0-0: Ball 1-0: Called Strike 1-1: Foul Ball, location: 2F 1-2: Ball 2-2: Ball 3-2: Foul Ball, location: 2F 3-2: Fly out, F3 (Flyball, 3D, EV 85.0 MPH)
|
|
Batting: RHB Jimmy Mayville
|
0-0: Swinging Strike 0-1: Foul Ball, location: 2F 0-2: Strikes out swinging
|
|
Batting: RHB Alex Belton
|
0-0: Ball 1-0: Called Strike 1-1: Ball 2-1: Swinging Strike 2-2: Ground out U3 (Groundball, 34, EV 96.9 MPH)
|
| Bottom of the 2nd over - 0 runs, 0 hits, 0 errors, 0 left on base; Seattle (APP) 9 - Elizabethton 0 |
| TOP OF THE 3RD |
|
Seattle (APP) Mariners batting - Pitching for Elizabethton Twins : RHP Jon Hice
|
|
Batting: SHB Tony Morales
|
0-0: Ball 1-0: Called Strike 1-1: Foul Ball, location: 2F 1-2: Ball 2-2: Strikes out looking
|
|
Batting: RHB Mike Conaway
|
0-0: Ball 1-0: Ball 2-0: Called Strike 2-1: Fly out, F7 (Flyball, 78M, EV 98.8 MPH)
|
|
Batting: LHB Omar Colunga
|
0-0: Ball 1-0: Ball 2-0: Called Strike 2-1: Ground out U3 (Groundball, 3, EV 103.8 MPH)
|
| Top of the 3rd over - 0 runs, 0 hits, 0 errors, 0 left on base; Seattle (APP) 9 - Elizabethton 0 |
| BOTTOM OF THE 3RD |
|
Elizabethton Twins batting - Pitching for Seattle (APP) Mariners : RHP Josh Newell
|
|
Batting: LHB Jose Cotto
|
0-0: Ball 1-0: Ball 2-0: Called Strike 2-1: Ball 3-1: Ground out 3-1 (Groundball, 34S, EV 87.5 MPH)
|
|
Batting: RHB Miguel Castella
|
0-0: Ball 1-0: Ball 2-0: Called Strike 2-1: Foul Ball, location: 2F 2-2: SINGLE (Groundball, 6MD, EV 101.2 MPH)
|
|
Batting: RHB Andrew Nicol
|
0-0: Called Strike 0-1: Grounds into double play, 5-4-3 (Groundball, 56S, EV 91.9 MPH)
|
| Bottom of the 3rd over - 0 runs, 1 hit, 0 errors, 0 left on base; Seattle (APP) 9 - Elizabethton 0 |
| TOP OF THE 4TH |
|
Seattle (APP) Mariners batting - Pitching for Elizabethton Twins : RHP Jon Hice
|
|
Batting: RHB Chris Olheiser
|
0-0: Ball 1-0: Swinging Strike 1-1: Called Strike 1-2: Strikes out looking
|
|
Batting: RHB Ivan Davila
|
0-0: DOUBLE (Line Drive, 9LS, EV 110.6 MPH) - OUT at third base trying to stretch hit.
|
|
Batting: RHB Tomokazu Sugimoto
|
0-0: Ball 1-0: Ball 2-0: Ball 3-0: Called Strike 3-1: Base on Balls
|
|
Batting: LHB Chang Huie
|
0-0: Ball 1-0: Foul Ball, location: 2F 1-1: Ball 2-1: Ball 3-1: Foul Ball, location: 2F 3-2: Base on Balls Tomokazu Sugimoto to second
|
|
Pitching: RHP John Giffin
|
|
|
Batting: RHB Chris Van Niel
|
0-0: Called Strike 0-1: Ball 1-1: Ground out U3 (Groundball, 34, EV 88.1 MPH)
|
| Top of the 4th over - 0 runs, 1 hit, 0 errors, 2 left on base; Seattle (APP) 9 - Elizabethton 0 |
| BOTTOM OF THE 4TH |
|
Elizabethton Twins batting - Pitching for Seattle (APP) Mariners : RHP Josh Newell
|
|
Batting: LHB David Campbell
|
0-0: Ball 1-0: Foul Ball, location: 2F 1-1: Called Strike 1-2: Foul Ball, location: 2F 1-2: Foul Ball, location: 2F 1-2: Foul Ball, location: 2F 1-2: Fly out, F4 (Line Drive, 4, EV 73.8 MPH)
|
|
Batting: SHB Dan Morataya
|
0-0: Called Strike 0-1: SINGLE (Groundball, 34D, EV 107.5 MPH)
|
|
Batting: RHB Nick Phipps
|
0-0: Called Strike 0-1: Ball Dan Morataya steals 2nd base (no throw) 1-1: Swinging Strike 1-2: Ball Wild Pitch! Dan Morataya to third 2-2: DOUBLE (Line Drive, 78M, EV 109.4 MPH) Dan Morataya scores
|
|
Batting: RHB Jose Gracia
|
0-0: Fly out, F9 (Flyball, 89D, EV 97.5 MPH) Runner from 2nd tags up, SAFE at 3rd, no throw by RF
|
|
Batting: RHB Jimmy Mayville
|
0-0: Ball 1-0: Ground out 6-3 (Groundball, 6M, EV 96.2 MPH)
|
| Bottom of the 4th over - 1 run, 2 hits, 0 errors, 1 left on base; Seattle (APP) 9 - Elizabethton 1 |
| TOP OF THE 5TH |
|
Seattle (APP) Mariners batting - Pitching for Elizabethton Twins : RHP John Giffin
|
|
Batting: RHB Omar Solis
|
0-0: Ball 1-0: SOLO HOME RUN (Line Drive, 7LD, EV 94.4 MPH), Distance : 360 ft
|
|
Batting: SHB Tony Morales
|
0-0: Foul Ball, location: 2F 0-1: Foul Ball, location: 2F 0-2: Ball 1-2: Ball 2-2: Foul Ball, location: 2F 2-2: DOUBLE (Groundball, 5L, EV 101.9 MPH)
|
|
Batting: RHB Mike Conaway
|
0-0: Called Strike 0-1: Ball 1-1: Ball 2-1: Foul Ball, location: 2F 2-2: Strikes out looking
|
|
Batting: LHB Omar Colunga
|
0-0: Called Strike 0-1: Foul Ball, location: 2F 0-2: Ground out U3 (Groundball, 3, EV 88.8 MPH) Tony Morales to third
|
|
Batting: RHB Chris Olheiser
|
0-0: Ball 1-0: Called Strike 1-1: Swinging Strike 1-2: Ball 2-2: Foul Ball, location: 2F 2-2: Ground out 5-3 (Groundball, 56S, EV 90.6 MPH)
|
| Top of the 5th over - 1 run, 2 hits, 0 errors, 1 left on base; Seattle (APP) 10 - Elizabethton 1 |
| BOTTOM OF THE 5TH |
|
Elizabethton Twins batting - Pitching for Seattle (APP) Mariners : RHP Josh Newell
|
|
Batting: RHB Alex Belton
|
0-0: Swinging Strike 0-1: Ball 1-1: Foul Ball, location: 2F 1-2: Ball 2-2: SINGLE (Groundball, 56D, EV 101.9 MPH)
|
|
Batting: LHB Jose Cotto
|
0-0: Called Strike Alex Belton steals 2nd base (no throw) 0-1: Ball 1-1: Foul Ball, location: 2F 1-2: Ball 2-2: Strikes out swinging
|
|
Pitching: LHP Ed Gilroy
|
|
|
Batting: RHB Miguel Castella
|
0-0: Foul Ball, location: 2F 0-1: Ball 1-1: Foul Ball, location: 2F 1-2: Ball 2-2: Ground out 4-3 (Groundball, 4, EV 78.8 MPH) Alex Belton to third
|
|
Batting: RHB Andrew Nicol
|
0-0: Called Strike 0-1: Ball 1-1: Called Strike 1-2: Ball 2-2: Foul Ball, location: 2F 2-2: Strikes out swinging, 2-3 out at first.
|
| Bottom of the 5th over - 0 runs, 1 hit, 0 errors, 1 left on base; Seattle (APP) 10 - Elizabethton 1 |
| TOP OF THE 6TH |
|
Seattle (APP) Mariners batting - Pitching for Elizabethton Twins : RHP John Giffin
|
|
Batting: RHB Ivan Davila
|
0-0: Foul Ball, location: 2F 0-1: Ground out 6-3 (Groundball, 6, EV 80.6 MPH)
|
|
Batting: RHB Tomokazu Sugimoto
|
0-0: Ball 1-0: Ball 2-0: Fly out, F9 (Line Drive, 9, EV 105.6 MPH)
|
|
Batting: LHB Chang Huie
|
0-0: Swinging Strike 0-1: SINGLE (Groundball, 34D, EV 95.0 MPH)
|
|
Batting: RHB Chris Van Niel
|
0-0: Fielders Choice at 2nd, 5-4 (Groundball, 5, EV 103.1 MPH)
|
| Top of the 6th over - 0 runs, 1 hit, 0 errors, 1 left on base; Seattle (APP) 10 - Elizabethton 1 |
| BOTTOM OF THE 6TH |
|
Elizabethton Twins batting - Pitching for Seattle (APP) Mariners : LHP Ed Gilroy
|
|
Batting: LHB David Campbell
|
0-0: Ball 1-0: Ball 2-0: Foul Ball, location: 2F 2-1: Foul Ball, location: 2F 2-2: SINGLE (Groundball, 6MD, EV 102.5 MPH)
|
|
Batting: SHB Dan Morataya
|
0-0: Ball 1-0: Swinging Strike 1-1: Swinging Strike 1-2: Strikes out swinging
|
|
Batting: RHB Nick Phipps
|
0-0: Ball 1-0: Foul Ball, location: 2F 1-1: Swinging Strike 1-2: Ball 2-2: Ball 3-2: Base on Balls David Campbell to second
|
|
Pitching: RHP Matt Lane
|
|
|
Batting: RHB Jose Gracia
|
0-0: Called Strike 0-1: Ball 1-1: Grounds into double play, 4-6-3 (Groundball, 34, EV 103.1 MPH)
|
| Bottom of the 6th over - 0 runs, 1 hit, 0 errors, 1 left on base; Seattle (APP) 10 - Elizabethton 1 |
| TOP OF THE 7TH |
|
Seattle (APP) Mariners batting - Pitching for Elizabethton Twins : RHP John Giffin
|
|
Batting: RHB Omar Solis
|
0-0: Foul Ball, location: 2F 0-1: Ball 1-1: Ball 2-1: Ball 3-1: Foul Ball, location: 2F 3-2: Base on Balls
|
|
Batting: SHB Tony Morales
|
0-0: Ball 1-0: Fly out, F8 (Flyball, 78D, EV 98.8 MPH)
|
|
Batting: RHB Mike Conaway
|
0-0: Foul Ball, location: 2F 0-1: SINGLE (Line Drive, 9S, EV 106.9 MPH) Omar Solis to second Omar Solis to third
|
|
Batting: LHB Omar Colunga
|
0-0: Ball 1-0: Ball 2-0: Called Strike 2-1: Fielders Choice at 2nd, 4-6 (Groundball, 4, EV 104.4 MPH) Omar Solis scores
|
|
Pitching: RHP Ewan Wijker
|
|
|
Batting: RHB Chris Olheiser
|
0-0: Called Strike 0-1: Fly out, F8 (Flyball, 8LXD, EV 103.8 MPH)
|
| Top of the 7th over - 1 run, 1 hit, 0 errors, 1 left on base; Seattle (APP) 11 - Elizabethton 1 |
| BOTTOM OF THE 7TH |
|
Elizabethton Twins batting - Pitching for Seattle (APP) Mariners : RHP Matt Lane
|
|
Batting: RHB Jimmy Mayville
|
0-0: Called Strike 0-1: Foul Ball, location: 2F 0-2: Ball 1-2: Strikes out swinging
|
|
Batting: RHB Alex Belton
|
0-0: Ball 1-0: Called Strike 1-1: Fly out, F8 (Line Drive, 8RD, EV 82.5 MPH)
|
|
Batting: LHB Jose Cotto
|
0-0: Ball 1-0: Called Strike 1-1: Foul Ball, location: 2F 1-2: Fly out, F8 (Flyball, 8RXD, EV 94.4 MPH)
|
| Bottom of the 7th over - 0 runs, 0 hits, 0 errors, 0 left on base; Seattle (APP) 11 - Elizabethton 1 |
| TOP OF THE 8TH |
|
Seattle (APP) Mariners batting - Pitching for Elizabethton Twins : RHP Ewan Wijker
|
|
Batting: RHB Ivan Davila
|
0-0: Called Strike 0-1: Swinging Strike 0-2: Ball 1-2: Fly out, F7 (Flyball, 78D, EV 93.1 MPH)
|
|
Batting: RHB Tomokazu Sugimoto
|
0-0: Ball 1-0: Foul Ball, location: 2F 1-1: Called Strike 1-2: Ball 2-2: Foul Ball, location: 2F 2-2: Foul Ball, location: 2F 2-2: Ball 3-2: Base on Balls
|
|
Batting: LHB Chang Huie
|
0-0: Called Strike 0-1: Fly out, F7 (Flyball, 7D, EV 86.2 MPH)
|
|
Batting: RHB Chris Van Niel
|
0-0: Ball 1-0: Ball 2-0: Ball 3-0: Base on Balls Tomokazu Sugimoto to second
|
|
Batting: RHB Omar Solis
|
0-0: Fly out, F5 (Popup, 56, EV 73.8 MPH)
|
| Top of the 8th over - 0 runs, 0 hits, 0 errors, 2 left on base; Seattle (APP) 11 - Elizabethton 1 |
| BOTTOM OF THE 8TH |
|
Elizabethton Twins batting - Pitching for Seattle (APP) Mariners : RHP Matt Lane
|
|
Batting: RHB Miguel Castella
|
0-0: Ball 1-0: Foul Ball, location: 2F 1-1: Ball 2-1: Foul Ball, location: 2F 2-2: Foul Ball, location: 2F 2-2: Ground out 4-3 (Groundball, 4, EV 89.4 MPH)
|
|
Pitching: RHP Jace Daniels
|
|
|
Batting: RHB Andrew Nicol
|
0-0: Ball 1-0: Ball 2-0: Ball 3-0: Base on Balls
|
|
Batting: LHB David Campbell
|
0-0: Called Strike 0-1: Foul Ball, location: 2F 0-2: Ball 1-2: Strikes out looking
|
|
Batting: SHB Dan Morataya
|
0-0: Ball 1-0: Fly out, F8 (Flyball, 8RM, EV 96.2 MPH)
|
| Bottom of the 8th over - 0 runs, 0 hits, 0 errors, 1 left on base; Seattle (APP) 11 - Elizabethton 1 |
| TOP OF THE 9TH |
|
Seattle (APP) Mariners batting - Pitching for Elizabethton Twins : RHP Ewan Wijker
|
|
Batting: SHB Tony Morales
|
0-0: Called Strike 0-1: Foul Ball, location: 2F 0-2: Ball 1-2: Ball 2-2: Foul Ball, location: 2F 2-2: Foul Ball, location: 2F 2-2: TRIPLE (Flyball, 9D, EV 100.6 MPH)
|
|
Batting: RHB Mike Conaway
|
0-0: Ball 1-0: Ground out 6-3 (Groundball, 6, EV 83.8 MPH) Tony Morales scores
|
|
Batting: LHB Omar Colunga
|
0-0: Called Strike 0-1: Swinging Strike 0-2: Strikes out swinging, 2-3 out at first.
|
|
Pinch Hitting: SHB Carlos Luna
|
0-0: Ball 1-0: Foul Ball, location: 2F 1-1: Ball 2-1: Swinging Strike 2-2: Ball 3-2: Ground out 4-3 (Groundball, 4, EV 110.0 MPH)
|
| Top of the 9th over - 1 run, 1 hit, 0 errors, 0 left on base; Seattle (APP) 12 - Elizabethton 1 |
| BOTTOM OF THE 9TH |
|
Elizabethton Twins batting - Pitching for Seattle (APP) Mariners : RHP Jace Daniels
|
|
Now at C: Carlos Luna
|
|
|
Batting: RHB Nick Phipps
|
0-0: Ball 1-0: Ball 2-0: Ball 3-0: Called Strike 3-1: Base on Balls
|
|
Batting: RHB Jose Gracia
|
0-0: Foul Ball, location: 2F 0-1: Ball 1-1: Fly out, F9 (Flyball, 9LM, EV 90.6 MPH)
|
|
Pinch Hitting: SHB Chris Hull
|
0-0: Ball 1-0: Called Strike 1-1: Ball 2-1: Grounds into double play, 4-6-3 (Groundball, 4, EV 93.1 MPH)
|
| Bottom of the 9th over - 0 runs, 0 hits, 0 errors, 0 left on base; Seattle (APP) 12 - Elizabethton 1 |
|